 Dungeon Crawl Stone Soup version 0.23-a0-290-g290e36d (webtiles) character file.

66434 mhoghedin the Nimble (level 15, 0/99 HPs)
             Began as a Kobold Hunter on Oct 3, 2018.
             Was the Champion of Nemelex Xobeh.
             Shot with a bolt by a yaktaur (15 damage)
             ... on level 15 of the Dungeon.
             The game lasted 00:59:08 (28574 turns).

mhoghedin the Nimble (Kobold Hunter)               Turns: 28574, Time: 00:59:08

Health: 0/99       AC: 16    Str: 13    XL:     15   Next: 62%
Magic:  23/23      EV: 26    Int: 18    God:    Nemelex Xobeh [******]
Gold:   1759       SH:  7    Dex: 17    Spells: 14/14 levels left

rFire    . . .     SeeInvis .   b - +6 demon blade (elec)
rCold    + + +     Gourm    .   F - +0 buckler
rNeg     . . .     Faith    .   s - +3 leather armour {MR+}
rPois    +         Spirit   .   q - +1 helmet
rElec    +         Reflect  .   c - +2 cloak
rCorr    +         Harm     .   l - +3 pair of gloves of Vyzinuh {rC+ rCorr Str+4}
MR       ++++.                  e - +0 pair of boots
Stlth    ++++......             A - amulet of rage {+Rage, !d}
HPRegen  0.26/turn              u - ring of protection from cold {rC+, !d}
MPRegen  0.18/turn              o - ring "Suhiaf Rusug" {rPois rC+ MR+ Str-3 Int+3}

@: studying 2 skills
A: small, carnivore, magic resistance 1, electricity resistance
a: Triple Draw, Deal Four, Stack Five, Renounce Religion, Evoke Berserk Rage


You were on level 15 of the Dungeon.
You worshipped Nemelex Xobeh.
Nemelex Xobeh was exalted by your worship.
You were very full.

You visited 3 branches of the dungeon, and saw 23 of its levels.
You also visited: Bailey.

You collected 2393 gold pieces.
You spent 634 gold pieces at shops.

Inventory:

Hand Weapons
 a - a +1 hand crossbow of velocity
 b - a +6 demon blade of electrocution (weapon)
   (You found it on level 6 of the Dungeon)
Missiles
 d - 458 bolts
Armour
 c - a +2 cloak (worn)
   (You found it on level 3 of the Lair of Beasts)
 e - a +0 pair of boots (worn)
   (You found it on level 1 of the Dungeon)
 l - the +3 pair of gloves of Vyzinuh (worn) {rC+ rCorr Str+4}
   (You bought it in a shop on level 2 of the Orcish Mines)

   It affects your strength (+4).
   It protects you from cold.
   It provides partial protection from all sources of acid and corrosion.
 q - a +1 helmet (worn)
   (You found it on level 3 of the Dungeon)
 s - a +3 leather armour of magic resistance (worn)
   (You took it off Duvessa on level 4 of the Dungeon)
 F - a +0 buckler (worn)
   (You found it on level 9 of the Dungeon)
 P - a scarf of resistance
   (You found it on level 14 of the Dungeon)
Jewellery
 o - the ring "Suhiaf Rusug" (right hand) {rPois rC+ MR+ Str-3 Int+3}
   (You found it on level 10 of the Dungeon)

   [ring of protection from cold]

   It affects your strength (-3).
   It affects your intelligence (+3).
   It protects you from cold.
   It protects you from poison.
   It affects your resistance to hostile enchantments.
 u - a ring of protection from cold (left hand) {rC+, !d}
   (You found it on level 3 of the Dungeon)
 A - an amulet of rage (around neck) {+Rage, !d}
   (You found it on level 6 of the Dungeon)
 T - an uncursed ring of resist corrosion
   (You found it on level 4 of the Lair of Beasts)
Wands
 f - a wand of iceblast (5)
   (You found it on level 6 of the Lair of Beasts)
 D - a wand of disintegration (5)
   (You took it off an orc priest on level 9 of the Dungeon)
 G - a wand of enslavement (31)
   (You found it on level 5 of the Lair of Beasts)
 N - a wand of paralysis (16)
   (You found it on level 3 of the Lair of Beasts)
 X - a wand of flame (23)
   (You found it on level 6 of the Lair of Beasts)
Scrolls
 k - 8 scrolls of teleportation
 m - 9 scrolls of remove curse
 z - 2 scrolls of magic mapping {!r}
 E - 4 scrolls of enchant armour
 O - 2 scrolls of blinking {!r}
 W - 3 scrolls of identify
Potions
 i - 2 potions of haste
 n - a potion of brilliance
 p - a potion of flight
 t - 3 potions of heal wounds
 w - 3 potions of lignification {!q}
 x - 2 potions of magic
 J - a potion of agility
 L - a potion of curing
 Q - 2 potions of ambrosia
 U - 2 potions of mutation {!q}
Books
 v - a manual of Fighting {!d}
   (You found it in a bailey)
 y - a manual of Shields {!d}
   (You found it in a bailey)
Miscellaneous
 g - a legendary deck of summoning
   (Nemelex Xobeh gifted it to you in a bailey)
 j - a legendary deck of destruction
   (Nemelex Xobeh gifted it to you on level 1 of the Lair of Beasts)
 r - an ornate deck of summoning {drawn: 1}
   (Nemelex Xobeh gifted it to you on level 12 of the Dungeon)
 B - an ornate deck of destruction
   (Nemelex Xobeh gifted it to you on level 3 of the Lair of Beasts)
 C - a lamp of fire (inert)
   (You found it on level 14 of the Dungeon)
 H - a legendary deck of destruction
   (Nemelex Xobeh gifted it to you on level 10 of the Dungeon)
 M - a legendary deck of summoning
   (Nemelex Xobeh gifted it to you on level 14 of the Dungeon)
 S - a legendary deck of destruction
   (Nemelex Xobeh gifted it to you on level 4 of the Lair of Beasts)
 Y - a legendary deck of summoning
   (Nemelex Xobeh gifted it to you on level 2 of the Orcish Mines)
 Z - a legendary deck of destruction
   (Nemelex Xobeh gifted it to you on level 1 of the Orcish Mines)
Comestibles
 h - 34 rations


   Skills:
 + Level 13.5 Fighting
   Level 8.5(13.1) Short Blades
 + Level 10.7(11.2) Long Blades
 - Level 5.1 Crossbows
 + Level 14.8 Dodging
 - Level 9.0 Stealth
 - Level 5.6 Shields
 + Level 11.5 Invocations
 - Level 4.4 Evocations


You had 14 spell levels left.
You didn't know any spells.
Your spell library contained the following spells:

 Spells                   Type           Power        Failure   Level  Hunger
 Animate Skeleton         Necr           N/A          28%         1    ##.....
 Apportation              Tloc           #.....       28%         1    ##.....
 Confusing Touch          Hex            #.....       28%         1    ##.....
 Flame Tongue             Conj/Fire      #....        28%         1    ##.....
 Freeze                   Ice            #...         28%         1    ##.....
 Pain                     Necr           #...         28%         1    ##.....
 Sandblast                Erth           #.....       28%         1    ##.....
 Summon Butterflies       Summ           #.......     28%         1    ##.....
 Summon Small Mammal      Summ           #...         28%         1    ##.....
 Passwall                 Tmut/Erth      #.......     38%         2    ###....
 Throw Flame              Conj/Fire      #.....       38%         2    ###....
 Throw Frost              Conj/Ice       #.....       38%         2    ###....
 Conjure Flame            Conj/Fire      #.......     63%         3    ####...
 Inner Flame              Hex/Fire       #.......     63%         3    ####...
 Lesser Beckoning         Tloc           #.........   63%         3    ####...
 Ozocubu's Armour         Chrm/Ice       #.......     63%         3    ####...
 Regeneration             Chrm/Necr      #.........   63%         3    ####...
 Stone Arrow              Conj/Erth      #.....       63%         3    ####...
 Tukima's Dance           Hex            #.......     63%         3    ####...
 Vampiric Draining        Necr           #.........   63%         3    ####...
 Animate Dead             Necr           N/A          95%         4    #####..
 Petrify                  Tmut/Erth      #.......     95%         4    #####..
 Sticky Flame             Conj/Fire      #.......     95%         4    #####..
 Summon Ice Beast         Ice/Summ       #.......     95%         4    #####..
 Throw Icicle             Conj/Ice       #.......     95%         4    #####..
 Alistair's Intoxication  Tmut/Pois      #.......     100%        5    ######.
 Bolt of Magma            Conj/Fire/Erth #.........   100%        5    ######.
 Fireball                 Conj/Fire      #.........   100%        5    ######.
 Iskenderun's Battlesphe  Conj/Chrm      #.......     100%        5    ######.
 Lee's Rapid Deconstruct  Erth           #.........   100%        5    ######.
 Venom Bolt               Conj/Pois      #.........   100%        5    ######.
 Invisibility             Hex            #.......     100%        6    #######
 Iron Shot                Conj/Erth      #.........   100%        6    #######
 Orb of Destruction       Conj           #.........   100%        7    #######
 Spellforged Servitor     Conj/Summ      #.........   100%        7    #######


Dungeon Overview and Level Annotations

Branches:
Dungeon (15/15)            Temple (0/1) D:6            Lair (6/6) D:11
 Shoals (0/4) Lair:3       Spider (0/4) Lair:2        Slime (0/5) Lair:5
    Orc (2/2) D:12            Elf (0/3) Orc:2        Vaults (0/5) D:13
 Depths: D:15

Altars:
Ashenzari
Fedhas
Gozag
Hepliaklqana
Kikubaaqudgha
Makhleb
Nemelex Xobeh
Ru
Uskayaw
Wu Jian
Xom
Yredelemnul
Zin
The Shining One

Shops:
D:8 [   D:12 :   Orc:2 %**(

Portals:
Hell: Lair:6

Annotations:
D:6 2 runed doors
D:8 3 runed doors, MisterFreud's ghost, novice TrMo
D:9 exclusion: ice statue
Lair:5 3 runed doors, exclusion: hydra, CasualChangeling's ghost, journeyman TeBe


Innate Abilities, Weirdness & Mutations

You are small and have problems with some larger weapons.
You are carnivorous and can eat meat at any time.
You are resistant to hostile enchantments. (MR+)
You are resistant to electric shocks. (rElec)


Message History

The centaur shoots an arrow.
You block the arrow.
A yaktaur comes into view.
Your centaur is struck by lightning.
A yaktaur comes into view.
The centaur shoots an arrow.
The arrow barely misses you.
You hear an angry buzzing noise.
Lightning arcs down from a storm cloud! x2
You swap places.
You hear a horrible gurgling sound!
The orc wizard mumbles some strange words.
The orc wizard blinks!
Your centaur shoots an arrow.
The arrow hits the orc wizard!
The arrow disappears in a puff of smoke!
The orc is struck by lightning.
You kill the orc!
The centaur is struck by lightning.
You kill the centaur!
Your centaur shoots an arrow.
The arrow hits the orc wizard!
The orc wizard dies!
The arrow disappears in a puff of smoke!
You hear a horrible gurgling sound!
You hear a shout!
You hear a horrible gurgling sound!
You hear a croak.
Lightning arcs down from a storm cloud!
You draw a card...
It is the Illusion.
Suddenly you stand beside yourself.
You hear a horrible gurgling sound! x2
The yaktaur wields an arbalest.
The yaktaur shoots a bolt.
The bolt completely misses you.
The yaktaur wields an arbalest.
The yaktaur shoots a bolt.
The bolt completely misses you. What are your orders? t - Shout!
Orders for allies: a - Attack new target. p - Attack previous target. r - Retreat! s - Stop attacking. g - Guard the area. f - Follow me.
Anything else - Cancel.
Gang up on whom?
Aim: a deep elf mage, wielding a long sword and wearing a chain mail Attack!
Your centaur shoots an arrow.
The arrow hits the yaktaur!
The arrow disappears in a puff of smoke!
The deep elf mage casts a spell at you. The magic dart hits you!
The battlesphere fires!
The barrage of energy hits you!
You take 10 damage, and have 37/99 hp.
Your air elemental hits the battlesphere!
Your centaur shoots an arrow.
The arrow hits the yaktaur!
The arrow disappears in a puff of smoke!
The yaktaur shoots a bolt.
The bolt closely misses you.
The deep elf mage points at you and mumbles some strange words.
The magic dart hits you!
The battlesphere fires!
The barrage of energy hits you!
The yaktaur shoots a bolt.
The bolt hits you!
* * * LOW HITPOINT WARNING * * *
Your centaur shoots an arrow.
The arrow hits the yaktaur!
The arrow disappears in a puff of smoke!
Lightning arcs down from a storm cloud! x3
You take 24 damage, and have 13/99 hp.
MASSIVE DAMAGE!!
You hear an angry buzzing noise.
You hear a shout!
You hear a horrible gurgling sound! x3
Your air elemental hits the yaktaur!
The yaktaur misses your air elemental.
The yaktaur shoots a bolt.
The bolt misses your air elemental. You block the bolt.
The deep elf mage gestures at you while chanting.
The orb of energy hits your centaur.
Your centaur dies!
Your centaur's corpse disappears in a puff of smoke!
The battlesphere fires!
The barrage of energy hits you!
* * * LOW HITPOINT WARNING * * *
Your air elemental hits the yaktaur!
Lightning arcs down from a storm cloud!
You see here 2 bolts.
You take 2 damage, and have 11/99 hp.
You feel much better.
You hear a horrible gurgling sound! x2; You hear an angry buzzing noise.
You hear a shout!
Your air elemental barely misses the yaktaur.
The yaktaur shoots a bolt.
The bolt misses mhoghedin's illusion.
You block the bolt.
Your air elemental hits the yaktaur but does no damage.
The yaktaur hits your air elemental!
The yaktaur shoots a bolt.
The bolt hits your air elemental!!
Your air elemental is destroyed!
A vampire mosquito comes into view.
Lightning arcs down from a storm cloud!
You regained 20 hp, and now have 31/99 hp.
You hear a horrible gurgling sound! x2; You hear a thunk.
A bolt appears from out of your range of vision.
The bolt hits mhoghedin's illusion!
Lightning arcs down from a storm cloud!
Okay, then.
Unknown command.
A vampire mosquito comes into view.
The vampire mosquito buzzes angrily.
You hear an angry buzzing noise.
You hear a loud, deep croak!
You hear a shout!
The yaktaur wields an arbalest.
The yaktaur shoots a bolt.
The bolt closely misses mhoghedin's illusion.
The bolt hits you!
* * * LOW HITPOINT WARNING * * *
A brown ugly thing comes into view.
The yaktaur shoots a bolt.
The bolt completely misses mhoghedin's illusion.
The bolt hits you!
You die...
Your body glows with a rainbow of weird colours and disappears.

+......... #u).......
#)yy§e§... #§§o§§....
#§§§§§c... #)§*§§§...
########((§.(c...
####+#####.....§.(()..ccc.
............§§.§@@########
.............§.§.§(.........#
...........#######§§........#
...#####+### #.§§.......##
...# #.# #............
.§.#####.#########............
.†............................
...#####.#....................
...# #.#+#######............


You could see a brown ugly thing, 4 yaktaurs, a deep elf mage, an orc warrior, 2
vampire mosquitoes, a battlesphere and the friendly mhoghedin's illusion.

Vanquished Creatures
  Rupert (D:14)
  Kirke (D:14)
  A stone giant (Orc:1)
  Nessos (Lair:5)
  The ghost of Ijustatesigmund the Cleaver, a journeyman OpBe of Trog (Orc:1)
  4 hydras
  2 centaur warriors (D:14)
  The ghost of CasualChangeling the Fighter, a novice DrFi of Okawaru (D:9)
  5 two-headed ogres
  2 dancing weapons (D:13)
  Urug (Orc:2)
  A sun demon (Lair:6)
  2 skeletal warriors (D:13)
  A wizard (Lair:6)
  2 orc sorcerers
  A manticore (D:13)
  7 ugly things
  2 cyclopes (D:14)
  3 elephants (Lair:5)
  2 deep elf magi (D:14)
  2 centaur zombies
  6 black mambas
  7 spiny frogs
  2 kobold demonologists
  3 rime drakes
  An orange demon (Lair:6)
  2 komodo dragons (Lair:3)
  A meliai (D:15)
  4 trolls
  A hornet (D:9)
  2 polar bears (Lair:6)
  A jumping spider (Lair:2)
  2 dream sheep (Lair:6)
  A blink frog (Lair:6)
  5 hippogriffs
  A meliai zombie (D:13)
  14 slime creatures
  A shadow (D:14)
  A redback (Lair:2)
  A water elemental (D:14)
  2 wyverns
  3 hogs (D:14)
  27 yaks
  3 basilisks
  Grum (D:9)
  5 hungry ghosts
  2 soldier ants
  2 wargs
  4 water moccasins
  4 porcupines
  2 hell hounds (Lair:6)
  2 black bears
  An eye of draining (shapeshifter) (D:13)
  31 orc warriors
  3 ice beasts
  A sky beast (D:14)
  A necrophage (D:10)
  3 eyes of draining
  4 phantoms
  11 wolves
  4 boggarts (Lair:6)
  7 ogres
  33 centaurs
  11 crocodiles
  2 big kobolds
  9 bullfrogs
  A wyvern zombie (D:13)
  A wyvern skeleton (D:13)
  A scorpion (D:4)
  5 killer bees
  4 wights
  2 howler monkeys (D:9)
  5 crimson imps
  A bullfrog zombie (D:8)
  8 hounds
  12 orc priests
  2 centaur skeletons
  11 jellies
  22 orc wizards
  2 bullfrog skeletons
  4 iguanas
  14 worker ants
  18 adders
  9 gnolls
  A river rat (Orc:1)
  2 shadow imps
  7 oozes
  2 adder skeletons
  A worm (Orc:1)
  7 leopard geckos
  103 orcs
  A ball python (D:3)
  5 giant cockroaches
  10 goblins
  8 hobgoblins
  14 jackals
  17 kobolds
  4 quokkas
  4 bats
  8 frilled lizards
  A leopard gecko zombie (D:5)
  A quokka zombie (D:7)
  13 rats
  3 fungi (Lair:6)
  2 plants (Lair:6)
613 creatures vanquished.

Vanquished Creatures (collateral kills)
  5 hydras
  An unseen horror (D:11)
  3 skeletal warriors (D:13)
  Pikel (D:4)
  3 orc knights (Orc:2)
  An ugly thing (D:15)
  3 centaur zombies
  3 elephants (Lair:5)
  An orange demon (Lair:6)
  2 ice devils (Lair:6)
  A hellwing (Lair:6)
  A troll (D:11)
  2 meliai (D:15)
  2 dream sheep (Lair:6)
  A hippogriff (Lair:6)
  17 yaks
  A hungry ghost (D:14)
  An acid dragon (D:14)
  2 hell hounds (Lair:6)
  2 water moccasins
  Duvessa (D:4)
  2 porcupines (Lair:4)
  17 orc warriors
  A slave (D:4)
  A swamp drake (Lair:2)
  A phantom (D:14)
  2 ogres
  A centaur (D:14)
  A wolf (Lair:6)
  Blork the orc (D:5)
  Dowan (D:4)
  4 killer bees (D:11)
  2 wights (D:8)
  A crimson imp (D:11)
  A jelly (D:11)
  2 orc priests (D:11)
  A hound (D:4)
  An orc wizard (D:15)
  A gnoll (D:6)
  9 orcs
  A fungus (Lair:6)
105 creatures vanquished.

Vanquished Creatures (others)
  An unseen horror (D:13)
  An orange demon (Lair:6)
  An orc warrior (Orc:2)
  A wight (D:13)
  3 orc priests
  2 gnolls (D:13)
  5 orcs
  4 fungi (D:12)
  4 plants
22 creatures vanquished.

Grand Total: 740 creatures vanquished

Notes
Turn   | Place    | Note
-------+----------+-------------------------------------------
     0 | D:1      | mhoghedin the Kobold Hunter began the quest for the Orb.
     0 | D:1      | Reached XP level 1. HP: 12/12 MP: 1/1
   294 | D:1      | Reached skill level 5 in Crossbows
   294 | D:1      | Reached XP level 2. HP: 18/18 MP: 2/2
   598 | D:1      | Reached skill level 3 in Dodging
   604 | D:1      | Reached XP level 3. HP: 11/22 MP: 3/3
   897 | D:1      | Reached skill level 1 in Short Blades
  1395 | D:2      | Reached skill level 3 in Fighting
  1506 | D:2      | Reached XP level 4. HP: 28/28 MP: 4/4
  1871 | D:3      | Reached skill level 2 in Short Blades
  1885 | D:3      | Reached skill level 2 in Stealth
  2052 | D:3      | Reached XP level 5. HP: 32/32 MP: 5/5
  2206 | D:3      | Reached skill level 4 in Dodging
  2380 | D:3      | Found a sparkling altar of Nemelex Xobeh.
  2697 | D:3      | Became a worshipper of Nemelex Xobeh the Trickster
  2716 | D:3      | Received a gift from Nemelex Xobeh
  2912 | D:4      | Noticed a centaur
  2924 | D:4      | Killed a centaur
  2924 | D:4      | Reached skill level 4 in Fighting
  2924 | D:4      | Reached skill level 3 in Short Blades
  2924 | D:4      | Reached skill level 3 in Stealth
  2924 | D:4      | Reached XP level 6. HP: 37/38 MP: 6/6
  2947 | D:4      | You fall through a shaft!
  2947 | D:5      | Entered Level 5 of the Dungeon
  2979 | D:4      | Noticed an ogre
  2999 | D:4      | Noticed a rust devil
  3006 | D:4      | Killed an ogre
  3119 | D:4      | Gained mutation: You have large cloven feet. [potion of
                  | mutation]
  3119 | D:4      | Lost mutation: You have large cloven feet. [potion of
                  | mutation]
  3119 | D:4      | Gained mutation: You do not regenerate when monsters are
                  | visible. [potion of mutation]
  3119 | D:4      | Gained mutation: Your muscles are strong. (Str +2) [potion
                  | of mutation]
  3159 | D:4      | Reached skill level 4 in Short Blades
  3159 | D:4      | Reached skill level 1 in Invocations
  3159 | D:4      | Reached XP level 7. HP: 43/43 MP: 7/7
  3179 | D:4      | Reached skill level 4 in Stealth
  3199 | D:4      | Found an opulent altar of Gozag.
  3476 | D:4      | Noticed Duvessa
  3476 | D:4      | Noticed Dowan
  3480 | D:4      | Killed Duvessa
  3480 | D:4      | Reached skill level 2 in Invocations
  3484 | D:4      | Killed Dowan
  3524 | D:4      | Noticed Pikel
  3558 | D:4      | Killed Pikel
  3558 | D:4      | Reached skill level 5 in Short Blades
  3558 | D:4      | Reached skill level 5 in Stealth
  3558 | D:4      | Reached skill level 3 in Invocations
  3558 | D:4      | Reached XP level 8. HP: 38/48 MP: 8/10
  3642 | D:4      | Reached * piety under Nemelex Xobeh
  3711 | D:4      | Received a gift from Nemelex Xobeh
  4193 | D:5      | Found a glowing golden altar of the Shining One.
  4254 | D:5      | Found a sacrificial altar of Ru.
  4405 | D:5      | Reached skill level 6 in Stealth
  4549 | D:5      | Reached skill level 6 in Short Blades
  4552 | D:5      | Noticed Blork the orc
  4561 | D:5      | Killed Blork the orc
  4724 | D:6      | Reached skill level 4 in Invocations
  4777 | D:6      | Found a large runed door.
  4777 | D:6      | Found a large runed door.
  4844 | D:6      | Found a large runed door.
  4856 | D:6      | Found a large runed door.
  4913 | D:6      | Reached skill level 7 in Stealth
  4920 | D:6      | Reached skill level 7 in Short Blades
  5277 | D:6      | Found a glowing silver altar of Zin.
  5359 | D:6      | Reached skill level 5 in Invocations
  5359 | D:6      | Reached XP level 9. HP: 18/52 MP: 12/12
  5702 | D:6      | Reached skill level 8 in Stealth
  5708 | D:6      | Found a staircase to the Ecumenical Temple.
  5918 | D:6      | Reached skill level 8 in Short Blades
  6011 | D:6      | Noticed a two-headed ogre
  6040 | D:6      | HP: 11/52 [two-headed ogre/giant club (11)]
  6046 | D:6      | Killed a two-headed ogre
  6046 | D:6      | Reached skill level 9 in Stealth
  6046 | D:6      | Reached skill level 6 in Invocations
  6046 | D:6      | Reached skill level 2 in Evocations
  6049 | D:6      | Noticed an ice devil
  6050 | D:6      | HP: 8/52 [ice devil[the player character] (4)]
  6050 | D:6      | HP: 3/52 [ice devil[the player character] (5)]
  6410 | D:7      | Reached ** piety under Nemelex Xobeh
  6627 | D:6      | Reached skill level 1 in Long Blades
  6791 | D:7      | Reached skill level 5 in Fighting
  6988 | D:6      | Reached skill level 2 in Long Blades
  7136 | D:7      | Reached XP level 10. HP: 40/59 MP: 14/14
  7271 | D:7      | Reached skill level 6 in Fighting
  7271 | D:7      | Reached skill level 3 in Long Blades
  7280 | D:7      | Found a basalt altar of Yredelemnul.
  7294 | D:7      | Found an ancient bone altar of Kikubaaqudgha.
  7294 | D:7      | Found an ornate altar of the Wu Jian Council.
  7294 | D:7      | Found a hide-covered altar of Uskayaw.
  7365 | D:7      | Received a gift from Nemelex Xobeh
  8036 | D:8      | Found Ucoloq's Armour Boutique.
  8049 | D:8      | Reached skill level 7 in Fighting
  8049 | D:8      | Reached skill level 4 in Long Blades
  8121 | D:8      | Found a runed gate.
  8121 | D:8      | Found an opulent altar of Gozag.
  8123 | D:8      | Found a runed gate.
  8123 | D:8      | Found a runed gate.
  8178 | D:8      | Noticed a centaur warrior
  8179 | D:8      | Noticed MisterFreud's ghost (novice TrMo)
  8212 | D:8      | Noticed Psyche
  8213 | D:8      | Noticed Psyche
  8213 | D:8      | Psyche changed into Psyche the soldier ant
  8225 | D:8      | Killed Psyche the soldier ant
  8648 | D:8      | Reached skill level 5 in Dodging
  8810 | D:9      | Found a shattered altar of Ashenzari.
  8864 | D:9      | Found a runed door.
  8864 | D:9      | Noticed CasualChangeling's ghost (novice DrFi)
  8902 | D:9      | Killed CasualChangeling's ghost
  8902 | D:9      | Reached skill level 3 in Evocations
  8950 | D:9      | Reached *** piety under Nemelex Xobeh
  8992 | D:9      | Reached skill level 8 in Fighting
  8992 | D:9      | Reached skill level 6 in Dodging
  8993 | D:9      | Reached skill level 5 in Long Blades
  9040 | D:9      | Noticed an ice statue
  9085 | D:9      | Reached XP level 11. HP: 68/68 MP: 15/15
  9408 | D:9      | Received a gift from Nemelex Xobeh
  9416 | D:9      | Noticed Grum
  9443 | D:9      | Reached skill level 4 in Evocations
  9644 | D:9      | Killed Grum
  9825 | D:9      | Found a hazy altar of Hepliaklqana.
  9935 | D:9      | Noticed a two-headed ogre
  9941 | D:9      | Killed a two-headed ogre
  9941 | D:9      | Reached skill level 7 in Dodging
 10289 | D:9      | Found a shimmering altar of Xom.
 10290 | D:9      | Found a burning altar of Makhleb.
 10313 | D:10     | Entered Level 10 of the Dungeon
 10529 | D:10     | Received a gift from Nemelex Xobeh
 10668 | D:10     | Found a transporter.
 10678 | D:10     | Found a transporter.
 10912 | D:10     | Reached skill level 1 in Shields
 11222 | D:11     | Found a staircase to the Lair.
 11222 | D:11     | Received a gift from Nemelex Xobeh
 11242 | D:11     | Noticed a two-headed ogre
 11254 | D:11     | HP: 12/69 [something (9)]
 11260 | D:11     | HP: 5/69 [something (7)]
 11577 | D:11     | Noticed a purple ugly thing
 11672 | D:11     | Killed a two-headed ogre
 11672 | D:11     | Reached skill level 8 in Dodging
 11672 | D:11     | Reached skill level 2 in Shields
 11717 | D:11     | Killed a purple ugly thing
 11860 | D:11     | Reached skill level 3 in Shields
 11867 | D:11     | HP: 15/69 [killer bee (9)]
 12243 | D:11     | HP: 12/69 [orange demon[the player character] (11)]
 12248 | D:11     | HP: 14/69 [poisoned by an orange demon]
 12248 | D:11     | Killed an unseen horror
 12248 | D:11     | Reached skill level 9 in Dodging
 12254 | D:11     | HP: 13/69 [poisoned by an orange demon]
 12259 | D:11     | HP: 10/69 [poisoned by an orange demon]
 12264 | D:11     | HP: 9/69 [poisoned by an orange demon]
 12269 | D:11     | HP: 8/69 [poisoned by an orange demon]
 12277 | D:11     | HP: 8/69 [poisoned by an orange demon]
 12640 | D:11     | Reached skill level 6 in Long Blades
 12645 | D:11     | Reached XP level 12. HP: 27/75 MP: 17/17
 12829 | D:11     | Noticed a two-headed ogre
 12870 | D:11     | Killed a two-headed ogre
 12870 | D:11     | Reached skill level 4 in Shields
 13133 | Lair:1   | Entered Level 1 of the Lair of Beasts
 13307 | Lair:1   | Reached **** piety under Nemelex Xobeh
 13355 | Lair:1   | Received a gift from Nemelex Xobeh
 13382 | Lair:1   | HP: 15/75 [hippogriff (4)]
 13726 | Lair:1   | Reached skill level 10 in Dodging
 14240 | Lair:2   | Reached skill level 5 in Shields
 14259 | Lair:2   | Found a hole to the Spider Nest.
 14442 | Lair:2   | Reached skill level 7 in Long Blades
 14581 | Lair:2   | Received a gift from Nemelex Xobeh
 14602 | Lair:2   | HP: 13/75 [electric eel/bolt of electricity (7)]
 14603 | Lair:2   | HP: 3/75 [electric eel/bolt of electricity (10)]
 15388 | Lair:3   | Reached skill level 11 in Dodging
 15816 | Lair:3   | Received a gift from Nemelex Xobeh
 15846 | Lair:3   | Reached ***** piety under Nemelex Xobeh
 16043 | Lair:3   | Received a gift from Nemelex Xobeh
 16113 | Lair:3   | Found a staircase to the Shoals.
 16362 | Lair:3   | Reached skill level 8 in Long Blades
 16362 | Lair:3   | Reached XP level 13. HP: 80/80 MP: 18/18
 16771 | Lair:4   | Noticed a seven-headed hydra
 16782 | Lair:4   | Killed an 11-headed hydra
 16782 | Lair:4   | Reached skill level 9 in Fighting
 16782 | Lair:4   | Reached skill level 7 in Invocations
 17053 | Lair:4   | Received a gift from Nemelex Xobeh
 17539 | Lair:5   | Received a gift from Nemelex Xobeh
 17545 | Lair:5   | Found a staircase to the Slime Pits.
 17652 | Lair:5   | Noticed Nessos
 17666 | Lair:5   | Killed Nessos
 17666 | Lair:5   | Reached skill level 12 in Dodging
 17841 | Lair:5   | Found a runed gate.
 17842 | Lair:5   | Found a runed gate.
 17842 | Lair:5   | Noticed CasualChangeling's ghost (journeyman TeBe)
 17843 | Lair:5   | Found a runed gate.
 17843 | Lair:5   | Noticed a 13-headed hydra
 17921 | Lair:5   | Noticed a five-headed hydra
 17930 | Lair:5   | Killed a six-headed hydra
 17983 | Lair:5   | Reached skill level 8 in Invocations
 18290 | Lair:5   | Received a gift from Nemelex Xobeh
 18753 | Lair:6   | Entered Level 6 of the Lair of Beasts
 18873 | Lair:6   | Noticed a six-headed hydra
 18887 | Lair:6   | Killed a six-headed hydra
 18969 | Lair:6   | Reached skill level 10 in Fighting
 19025 | Lair:6   | Received a gift from Nemelex Xobeh
 19060 | Lair:6   | Noticed an eight-headed hydra
 19063 | Lair:6   | Killed an eight-headed hydra
 19369 | Lair:6   | Reached skill level 9 in Long Blades
 19477 | Lair:6   | Noticed a six-headed hydra
 19495 | Lair:6   | Killed a ten-headed hydra
 19742 | Lair:6   | Noticed an eight-headed hydra
 19945 | Lair:6   | Noticed an eight-headed hydra
 19950 | Lair:6   | Killed an eight-headed hydra
 19970 | Lair:6   | Killed an eight-headed hydra
 19970 | Lair:6   | Reached XP level 14. HP: 87/88 MP: 20/20
 19995 | Lair:6   | Reached skill level 9 in Invocations
 20036 | Lair:6   | Reached skill level 13 in Dodging
 20039 | Lair:6   | Found a burning altar of Makhleb.
 20275 | Lair:6   | Found a gateway to Hell.
 20603 | D:10     | Lost mutation: You do not regenerate when monsters are
                  | visible. [potion of mutation]
 20603 | D:10     | Lost mutation: Your muscles are strong. (Str +2) [potion of
                  | mutation]
 20603 | D:10     | Gained mutation: You are resistant to electric shocks.
                  | (rElec) [potion of mutation]
 20603 | D:10     | Gained mutation: You are resistant to hostile enchantments.
                  | (MR+) [potion of mutation]
 20609 | D:10     | Got a twitching glass ring
 20852 | D:9      | Identified the ring "Suhiaf Rusug" {rPois rC+ MR+ Str-3
                  | Int+3} (You found it on level 10 of the Dungeon)
 21147 | D:12     | Received a gift from Nemelex Xobeh
 21221 | D:12     | Found Kioleuj's Book Shop.
 21277 | D:12     | Found a staircase to the Orcish Mines.
 21409 | D:12     | Found a blossoming altar of Fedhas.
 21527 | D:12     | Received a gift from Nemelex Xobeh
 21819 | Orc:1    | Entered Level 1 of the Orcish Mines
 21860 | Orc:1    | Noticed a stone giant
 21874 | Orc:1    | Killed a stone giant
 21874 | Orc:1    | Reached skill level 11 in Fighting
 21941 | Orc:1    | Received a gift from Nemelex Xobeh
 21946 | Orc:1    | Found a runed gate.
 21946 | Orc:1    | Found a runed gate.
 22087 | Orc:1    | Found a runed gate.
 22088 | Orc:1    | Found an opulent altar of Gozag.
 22088 | Orc:1    | Noticed Ijustatesigmund's ghost (journeyman OpBe)
 22490 | Orc:1    | Killed Ijustatesigmund's ghost
 22671 | Orc:2    | Entered Level 2 of the Orcish Mines
 23579 | Orc:2    | Found a staircase to the Elven Halls.
 23649 | Orc:2    | Reached skill level 10 in Invocations
 23651 | Orc:2    | Noticed Urug
 23665 | Orc:2    | Killed Urug
 23728 | Orc:2    | Found Tajagg's Assorted Antiques.
 23728 | Orc:2    | Found Egoek's General Store.
 23730 | Orc:2    | Found Paeclihu's Food Shoppe.
 23732 | Orc:2    | Found Guihacvy's Antique Weapon Boutique.
 23738 | Orc:2    | Bought a pair of translucent gloves for 199 gold pieces
 23748 | Orc:2    | Identified the +3 pair of gloves of Vyzinuh {rC+ rCorr
                  | Str+4} (You bought it in a shop on level 2 of the Orcish
                  | Mines)
 23757 | Orc:2    | Bought a lajatang for 435 gold pieces
 24049 | Orc:2    | Reached ****** piety under Nemelex Xobeh
 24089 | Orc:2    | Received a gift from Nemelex Xobeh
 24643 | D:13     | Found a flagged portal.
 24658 | Bailey   | Entered a bailey
 24658 | Bailey   | Received a gift from Nemelex Xobeh
 24987 | Bailey   | Reached skill level 10 in Long Blades
 25515 | D:13     | Found Posuz's Evil Emporium.
 25516 | D:13     | Found an ancient bone altar of Kikubaaqudgha.
 25625 | D:13     | HP: 18/91 [skeletal warrior/war axe[a skeletal warrior]
                  | (7)]
 25634 | D:13     | HP: 17/91 [skeletal warrior/battleaxe[a skeletal warrior]
                  | (3)]
 25637 | D:13     | Reached skill level 14 in Dodging
 26212 | D:13     | Found a gate to the Vaults.
 26220 | D:13     | Reached skill level 12 in Fighting
 26262 | D:13     | Reached XP level 15. HP: 76/96 MP: 22/22
 26576 | D:13     | Received a gift from Nemelex Xobeh
 27239 | D:14     | Noticed Rupert
 27255 | D:14     | Killed Rupert
 27322 | D:14     | Found a shimmering altar of Xom.
 27398 | D:14     | Reached skill level 11 in Invocations
 27713 | D:14     | Got a polished ring mail
 27795 | D:14     | Identified the +0 ring mail of Pandemonium {rF+} (You found
                  | it on level 14 of the Dungeon)
 27965 | D:14     | Received a gift from Nemelex Xobeh
 28027 | D:14     | Noticed Kirke
 28033 | D:14     | Reached skill level 13 in Fighting
 28052 | D:14     | Killed Kirke
 28396 | D:15     | Entered Level 15 of the Dungeon
 28570 | D:15     | HP: 13/99 [yaktaur/bolt (17)]
 28574 | D:15     | Shot with a bolt by a yaktaur

Vault maps used:
D:1:      ebering_trefoil_twist, roderic_serpentine_path, st_stairs_6,
          minmay_misc_feat_hallway, minmay_rat_gold_closets
D:3:      overflow_temple_1_default
D:4:      nicolae_gozag_seed_capital, first_ration, minmay_stone_trees_small,
          uniq_duvessa, uniq_pikel
D:5:      nicolae_ru_the_path_less_chosen, overflow_temple_1_default,
          serial_bayou, serial_bayou_crossing, serial_bayou_pond_c,
          serial_bayou_shore_b, serial_bayou_pond_d, uniq_blork_the_orc
D:6:      lemuel_doored_altar, minmay_temple_entry_mist,
          minmay_hollow_rounded_squares
D:7:      gammafunk_temple_overflow_forgotten, basic_altar
D:8:      ebering_ghost_gozag, serial_shops, shop, uniq_psyche
D:9:      grunt_temple_overflow_champion_of_chaos, kennysheep_mini_moat,
          cheibrodos_ashenzari_chains, ebering_ghost_inner_flame, minivault_16,
          st_stairs_1, uniq_grum
D:10:     gammafunk_jiyva_shrine, hangedman_little_slice_of_home
D:11:     lair_entry_dummy
D:12:     erik_orc_3, serial_shops, shop_fountains, fedhas_altar_3
D:13:     erik_vaults_1, lightli_bailey_entry_fortress, serial_aquarium,
          aquarium_bridge_long_separate, aquarium_bridge_island_small,
          aquarium_window_1, aquarium_window_fake, aquarium_window_corner,
          aquarium_window_fake, aquarium_view_2g, aquarium_balcony_3a,
          aquarium_pool_side, nicolae_evil_shop
D:14:     basic_altar, serial_bayou_lagoon_a, billiards_dpeg, uniq_rupert,
          uniq_kirke
D:15:     hangedman_depths_entry_try_elsewhere_first, lab_entry_generic,
          minivault_24
Lair:2:   spider_nest_entry_a, nicolae_quartered_pool_super
Lair:3:   elwin_shoals_entry_rocks, grunt_megastairs_2
Lair:4:   grunt_megastairs_4
Lair:5:   minmay_slime_entry_pillars, gammafunk_ghost_hydra_chop, uniq_nessos
Lair:6:   evil_forest, minivault_19, kilobyte_rumbling_trees
Orc:1:    ebering_ghost_gozag
Orc:2:    st_orc_rangers, uniq_urug
Bailey:   bailey_polearm_flooded_kennysheep, bailey

Skill      XL: |  1  2  3  4  5  6  7  8  9 10 11 12 13 14 15 |
---------------+----------------------------------------------+-----
Crossbows      | 5 |  5.1
Dodging        | 3 4 6 9 11 12 14 | 14.8
Short Blades   | 1 2 3 4 5 7 8 |  8.5
Fighting       | 3 4 5 8 10 12 13 | 13.5
Stealth        | 2 3 5 7 9 |  9.0
Invocations    | 1 3 5 6 8 10 11 | 11.5
Evocations     | 2 3 4 |  4.4
Long Blades    | 2 5 6 8 9 10 | 10.7
Shields        | 3 5 |  5.6

Action                   |  1- 3 |  4- 6 |  7- 9 | 10-12 | 13-15 || total
-------------------------+-------+-------+-------+-------+-------++-------
Melee: Short sword       |    34 |       |       |       |       ||    34
       Dagger            |    18 |   128 |   315 |    10 |       ||   471
       Demon blade       |       |       |    46 |   483 |   811 ||  1340
 Fire: Hand crossbow     |    59 |    35 |    28 |     9 |       ||   131
Invok: Triple Draw       |       |       |       |       |     2 ||     2
       Deal Four         |       |       |       |       |     2 ||     2
Evoke: Deck              |       |     3 |     9 |    17 |    60 ||    89
       Wand              |       |       |     6 |     5 |     7 ||    18
       Lamp of fire      |       |       |       |       |     1 ||     1
  Use: Scroll            |     4 |    13 |     5 |    17 |    13 ||    52
       Potion            |       |     1 |     2 |     6 |    10 ||    19
 Stab: Sleeping          |     1 |     9 |    11 |    18 |    20 ||    59
       Distracted        |       |     1 |       |     3 |     4 ||     8
       Paralysed         |       |       |       |       |     7 ||     7
       Petrified         |       |       |       |       |     4 ||     4
       Petrifying        |       |       |       |       |     1 ||     1
  Eat: Ration            |     1 |       |       |     2 |     2 ||     5
       Chunk             |       |    13 |    10 |    43 |    40 ||   106
Armor: Leather armour    |    20 |    28 |    92 |    99 |   149 ||   388
Dodge: Dodged            |    73 |   118 |   266 |   455 |   694 ||  1606
Block: Buckler           |       |       |       |   119 |   271 ||   390
       Rpst.: Demon blade |       |       |    17 |   108 |   164 ||   289

Table legend:
 A = Non-vault XP
 B = Vault XP
 C = Vault XP percentage of total XP
 D = Non-vault monster count
 E = Vault monster count
 F = Vault count percentage of total count
                 A         B        C        D         E       F
            +---------+---------+-------+---------+---------+-------
      Total |   62934 |   31972 |  33.7 |     518 |     205 |  28.4
            +---------+---------+-------+---------+---------+-------
        D:1 |      28 |      10 |  26.3 |      17 |       9 |  34.6
        D:2 |      61 |       0 |   0.0 |      28 |       0 |   0.0
        D:3 |     146 |       0 |   0.0 |      32 |       0 |   0.0
        D:4 |     430 |     427 |  49.8 |      15 |       3 |  16.7
        D:5 |     192 |      46 |  19.3 |       9 |       1 |  10.0
        D:6 |    1324 |     919 |  41.0 |      28 |       8 |  22.2
        D:7 |    1302 |       0 |   0.0 |      31 |       0 |   0.0
        D:8 |     815 |     160 |  16.4 |      10 |       1 |   9.1
        D:9 |    2714 |    1657 |  37.9 |      25 |       6 |  19.4
       D:10 |     927 |     425 |  31.4 |      15 |       9 |  37.5
       D:11 |    5761 |       0 |   0.0 |      44 |       0 |   0.0
       D:12 |    3350 |     445 |  11.7 |      22 |      16 |  42.1
       D:13 |    7722 |    1898 |  19.7 |      36 |      14 |  28.0
       D:14 |    7065 |    5408 |  43.4 |      22 |       8 |  26.7
       D:15 |    5787 |       0 |   0.0 |      26 |       0 |   0.0
     Lair:1 |    2518 |       0 |   0.0 |      14 |       0 |   0.0
     Lair:2 |    2352 |     514 |  17.9 |      15 |       2 |  11.8
     Lair:3 |    3856 |    1498 |  28.0 |      16 |       7 |  30.4
     Lair:4 |    2208 |     305 |  12.1 |      10 |       4 |  28.6
     Lair:5 |    3780 |    1930 |  33.8 |      11 |       5 |  31.2
     Lair:6 |    4379 |    8408 |  65.8 |      22 |      30 |  57.7
      Orc:1 |    3828 |    1603 |  29.5 |      31 |       5 |  13.9
      Orc:2 |    2389 |    4015 |  62.7 |      39 |      38 |  49.4
     Bailey |       0 |    2304 | 100.0 |       0 |      39 | 100.0
            +---------+---------+-------+---------+---------+-------

Vault maps used:
D:1:      ebering_trefoil_twist, roderic_serpentine_path, st_stairs_6,
          minmay_misc_feat_hallway, minmay_rat_gold_closets
D:3:      overflow_temple_1_default
D:4:      nicolae_gozag_seed_capital, first_ration, minmay_stone_trees_small,
          uniq_duvessa, uniq_pikel
D:5:      nicolae_ru_the_path_less_chosen, overflow_temple_1_default,
          serial_bayou, serial_bayou_crossing, serial_bayou_pond_c,
          serial_bayou_shore_b, serial_bayou_pond_d, uniq_blork_the_orc
D:6:      lemuel_doored_altar, minmay_temple_entry_mist,
          minmay_hollow_rounded_squares
D:7:      gammafunk_temple_overflow_forgotten, basic_altar
D:8:      ebering_ghost_gozag, serial_shops, shop, uniq_psyche
D:9:      grunt_temple_overflow_champion_of_chaos, kennysheep_mini_moat,
          cheibrodos_ashenzari_chains, ebering_ghost_inner_flame, minivault_16,
          st_stairs_1, uniq_grum
D:10:     gammafunk_jiyva_shrine, hangedman_little_slice_of_home
D:11:     lair_entry_dummy
D:12:     erik_orc_3, serial_shops, shop_fountains, fedhas_altar_3
D:13:     erik_vaults_1, lightli_bailey_entry_fortress, serial_aquarium,
          aquarium_bridge_long_separate, aquarium_bridge_island_small,
          aquarium_window_1, aquarium_window_fake, aquarium_window_corner,
          aquarium_window_fake, aquarium_view_2g, aquarium_balcony_3a,
          aquarium_pool_side, nicolae_evil_shop
D:14:     basic_altar, serial_bayou_lagoon_a, billiards_dpeg, uniq_rupert,
          uniq_kirke
D:15:     hangedman_depths_entry_try_elsewhere_first, lab_entry_generic,
          minivault_24
Lair:2:   spider_nest_entry_a, nicolae_quartered_pool_super
Lair:3:   elwin_shoals_entry_rocks, grunt_megastairs_2
Lair:4:   grunt_megastairs_4
Lair:5:   minmay_slime_entry_pillars, gammafunk_ghost_hydra_chop, uniq_nessos
Lair:6:   evil_forest, minivault_19, kilobyte_rumbling_trees
Orc:1:    ebering_ghost_gozag
Orc:2:    st_orc_rangers, uniq_urug
Bailey:   bailey_polearm_flooded_kennysheep, bailey

Table legend:
 A = Turns spent in this place as a percentage of turns spent in the entire game.
 B = Non-inter-level travel turns spent in this place as a percentage of non-inter-level travel turns spent in the entire game.
 C = Inter-level travel turns spent in this place as a percentage of turns spent in this place.
 D = Turns resting spent in this place as a percentage of non-inter-level travel turns spent in this place.
 E = Turns spent auto-exploring this place as a percentage of non-inter-level travel turns spent in this place.
 F = Non-inter-level travel turns spent in this place divided by the number of levels of this place that you've seen.
                   A       B       C       D       E      F
               +-------+-------+-------+-------+-------+----------------------
         Total | 100.0 | 100.0 |   3.3 |  33.9 |  44.0 | 1150.9
       Dungeon |  61.8 |  61.5 |   3.8 |  31.8 |  45.8 | 1133.0
          Lair |  26.0 |  26.1 |   3.0 |  37.4 |  46.8 | 1200.3
  Orcish Mines |   9.4 |   9.5 |   2.6 |  41.2 |  32.7 | 1315.0
        Bailey |   2.8 |   2.9 |   0.0 |  21.3 |  17.6 | 795.0
               +-------+-------+-------+-------+-------+----------------------

Table legend:
 A = Kills in this place as a percentage of kills in entire the game.
 B = Kills by you in this place as a percentage of kills by you in the entire game.
 C = Kills by friends in this place as a percentage of kills by friends in the entire game.
 D = Other kills in this place as a percentage of other kills in the entire game.
 E = Experience gained in this place as a percentage of experience gained in the entire game.
 F = Experience gained in this place divided by the number of levels of this place that you have seen.
                   A       B       C       D       E      F
               +-------+-------+-------+-------+-------+----------------------
         Total | 100.0 | 100.0 | 100.0 | 100.0 | 100.0 | 3954.4
       Dungeon |  60.2 |  63.9 |  41.7 |  30.8 |  51.7 | 3267.9
          Lair |  18.8 |  16.1 |  35.9 |   7.7 |  33.5 | 5291.3
  Orcish Mines |  15.6 |  13.5 |  22.3 |  61.5 |  12.5 | 5917.5
        Bailey |   5.4 |   6.4 |   0.0 |   0.0 |   2.4 | 2304.0
               +-------+-------+-------+-------+-------+----------------------
